TOP OF THE 1ST |
Orlando Calrissian batting - Pitching for Nassau Rockets : RHP Mark MacGruder
|
Pitching: RHP Mark MacGruder
|
|
Batting: LHB Bryan Foster
|
0-0: Ball 1-0: Foul Ball, location: 2F 1-1: Ball 2-1: Ball 3-1: Base on Balls
|
Batting: RHB Dave Mullen
|
0-0: Called Strike 0-1: Ball 1-1: Ball Balk! Bryan Foster to second 2-1: Foul Ball, location: 2F 2-2: Ground out 4-3 (Groundball, 4) Bryan Foster to third
|
Batting: LHB Santiago Márquez
|
0-0: Ball 1-0: Called Strike 1-1: Foul Ball, location: 2F 1-2: SINGLE (Groundball, 4MD) Bryan Foster scores
|
Batting: SHB Mark Simmons
|
0-0: Called Strike Santiago Márquez steals 2nd base 0-1: Swinging Strike 0-2: Ball 1-2: Strikes out swinging
|
Batting: RHB Jesús Maes
|
0-0: Called Strike 0-1: Ball 1-1: Ball 2-1: Ball 3-1: Called Strike 3-2: Foul Ball, location: 2F 3-2: Base on Balls
|
Batting: LHB Rubén Díaz
|
0-0: Ball 1-0: Ball 2-0: Called Strike 2-1: Ball 3-1: Swinging Strike 3-2: Foul Ball, location: 2F 3-2: Base on Balls Santiago Márquez to third Jesús Maes to second
|
Batting: RHB Jorge Rodríguez
|
0-0: Ground out 5-3 (Groundball, 5S)
|
Top of the 1st over - 1 run(s), 1 hit(s), 0 error(s), 3 left on base; Orlando 1 - Nassau 0 |
BOTTOM OF THE 1ST |
Nassau Rockets batting - Pitching for Orlando Calrissian : LHP Marcos Benítez
|
Pitching: LHP Marcos Benítez
|
|
Batting: RHB José Hernández
|
0-0: Called Strike 0-1: Ball 1-1: Foul Ball, location: 2F 1-2: Ball 2-2: Ground out 5-3 (Groundball, 5S)
|
Batting: RHB Ed Sims
|
0-0: Ball 1-0: SINGLE (Groundball, 34D)
|
Batting: RHB Felipe Rivera
|
0-0: Fly out, F9 (Flyball, 9D)
|
Batting: LHB Alden Lindsey
|
0-0: Called Strike 0-1: Ball 1-1: Ball 2-1: Called Strike 2-2: Ball 3-2: Ground out 4-3 (Groundball, 4M)
|
Bottom of the 1st over - 0 run(s), 1 hit(s), 0 error(s), 1 left on base; Orlando 1 - Nassau 0 |
TOP OF THE 2ND |
Orlando Calrissian batting - Pitching for Nassau Rockets : RHP Mark MacGruder
|
Batting: LHB Tom Mullins
|
0-0: Ball 1-0: Called Strike 1-1: Swinging Strike 1-2: Ball 2-2: Ball 3-2: SINGLE (Groundball, 6MD)
|
Batting: RHB Eugene Gill
|
0-0: Ball 1-0: Called Strike 1-1: Ball 2-1: Foul Ball, location: 2F 2-2: Fly out, F7 (Flyball, 78M)
|
Batting: LHB Bryan Foster
|
0-0: Called Strike 0-1: Grounds into double play, 4-6-3 (Groundball, 4)
|
Top of the 2nd over - 0 run(s), 1 hit(s), 0 error(s), 0 left on base; Orlando 1 - Nassau 0 |
BOTTOM OF THE 2ND |
Nassau Rockets batting - Pitching for Orlando Calrissian : LHP Marcos Benítez
|
Batting: SHB Dave MacThomas
|
0-0: Called Strike 0-1: Ball 1-1: Ball 2-1: Foul Ball, location: 2F 2-2: Foul Ball, location: 2F 2-2: Foul Ball, location: 2F 2-2: Ball 3-2: Base on Balls
|
Batting: LHB Jarred Jackson
|
0-0: Ball 1-0: SINGLE (Groundball, 34D) Dave MacThomas to second Runner from 2nd tries for 3rd, SAFE, throw made to third
|
Batting: RHB Carlos MacKinney
|
0-0: Foul Ball, location: 2F 0-1: DOUBLE (Line Drive, 4MD) Dave MacThomas scores Jarred Jackson to third
|
Batting: RHB Vern Carlton
|
0-0: Ball 1-0: Foul Ball, location: 2F 1-1: DOUBLE (Groundball, 5L) Jarred Jackson scores Carlos MacKinney scores
|
Batting: LHB Rafael Delgado
|
0-0: Ball 1-0: Called Strike 1-1: Ball 2-1: Foul Ball, location: 2F 2-2: Ground out 6-3 (Groundball, 6)
|
Batting: RHB José Hernández
|
0-0: Called Strike 0-1: Called Strike 0-2: Strikes out swinging
|
Batting: RHB Ed Sims
|
0-0: Called Strike 0-1: Ball 1-1: Ground out 5-3 (Groundball, 56)
|
Bottom of the 2nd over - 3 run(s), 3 hit(s), 0 error(s), 1 left on base; Orlando 1 - Nassau 3 |
TOP OF THE 3RD |
Orlando Calrissian batting - Pitching for Nassau Rockets : RHP Mark MacGruder
|
Batting: RHB Dave Mullen
|
0-0: Ground out 6-3 (Groundball, 6)
|
Batting: LHB Santiago Márquez
|
0-0: Ground out 4-3 (Groundball, 4M)
|
Batting: SHB Mark Simmons
|
0-0: SINGLE (Groundball, 5D)
|
Batting: RHB Jesús Maes
|
0-0: Ball 1-0: Ball 2-0: Ground out 1-3 (Groundball, 13S)
|
Top of the 3rd over - 0 run(s), 1 hit(s), 0 error(s), 1 left on base; Orlando 1 - Nassau 3 |
BOTTOM OF THE 3RD |
Nassau Rockets batting - Pitching for Orlando Calrissian : LHP Marcos Benítez
|
Batting: RHB Felipe Rivera
|
0-0: Ground out 4-3 (Groundball, 4)
|
Batting: LHB Alden Lindsey
|
0-0: Ball 1-0: Ground out 3-1 (Groundball, 3)
|
Batting: SHB Dave MacThomas
|
0-0: Foul Ball, location: 2F 0-1: Swinging Strike 0-2: SINGLE (Groundball, 6MD)
|
Batting: LHB Jarred Jackson
|
0-0: Ball Wild Pitch! Dave MacThomas to second 1-0: Ball 2-0: Called Strike 2-1: Fly out, F5 (Popup, 5SF)
|
Bottom of the 3rd over - 0 run(s), 1 hit(s), 0 error(s), 1 left on base; Orlando 1 - Nassau 3 |
TOP OF THE 4TH |
Orlando Calrissian batting - Pitching for Nassau Rockets : RHP Mark MacGruder
|
Batting: LHB Rubén Díaz
|
0-0: Ball 1-0: Ball 2-0: Called Strike 2-1: Ground out 4-3 (Groundball, 4)
|
Batting: RHB Jorge Rodríguez
|
0-0: Foul Ball, location: 2F 0-1: Ball 1-1: Ball 2-1: Foul Ball, location: 2F 2-2: Foul Ball, location: 2F 2-2: Foul Ball, location: 2F 2-2: Ball 3-2: Base on Balls
|
Batting: LHB Tom Mullins
|
0-0: Ball 1-0: Foul Ball, location: 2F 1-1: Foul Ball, location: 2F 1-2: Ball 2-2: 2-RUN HOME RUN (Flyball, 9LD), Distance : 324 ft
|
Batting: RHB Eugene Gill
|
0-0: Called Strike 0-1: Ball 1-1: Called Strike 1-2: Strikes out swinging
|
Batting: LHB Bryan Foster
|
0-0: SOLO HOME RUN (Line Drive, 9D), Distance : 349 ft
|
Batting: RHB Dave Mullen
|
0-0: Swinging Strike 0-1: Called Strike 0-2: Strikes out looking
|
Top of the 4th over - 3 run(s), 2 hit(s), 0 error(s), 0 left on base; Orlando 4 - Nassau 3 |
BOTTOM OF THE 4TH |
Nassau Rockets batting - Pitching for Orlando Calrissian : LHP Marcos Benítez
|
Batting: RHB Carlos MacKinney
|
0-0: Called Strike 0-1: Ball 1-1: Ground out 6-3 (Groundball, 6)
|
Batting: RHB Vern Carlton
|
0-0: Called Strike 0-1: Ball 1-1: Ground out 6-3 (Groundball, 6)
|
Batting: LHB Rafael Delgado
|
0-0: Ball 1-0: Ball 2-0: Ground out 4-3 (Groundball, 4)
|
Bottom of the 4th over - 0 run(s), 0 hit(s), 0 error(s), 0 left on base; Orlando 4 - Nassau 3 |
TOP OF THE 5TH |
Orlando Calrissian batting - Pitching for Nassau Rockets : RHP Mark MacGruder
|
Batting: LHB Santiago Márquez
|
0-0: Called Strike 0-1: Ball 1-1: Ground out 4-3 (Groundball, 4)
|
Batting: SHB Mark Simmons
|
0-0: Called Strike 0-1: Ball 1-1: Ground out 4-3 (Groundball, 4)
|
Batting: RHB Jesús Maes
|
0-0: Called Strike 0-1: Swinging Strike 0-2: Ball 1-2: Strikes out swinging, 2-3 out at first.
|
Top of the 5th over - 0 run(s), 0 hit(s), 0 error(s), 0 left on base; Orlando 4 - Nassau 3 |
BOTTOM OF THE 5TH |
Nassau Rockets batting - Pitching for Orlando Calrissian : LHP Marcos Benítez
|
Batting: RHB José Hernández
|
0-0: Ball 1-0: Foul Ball, location: 2F 1-1: SINGLE (Flyball, 89M)
|
Batting: RHB Ed Sims
|
0-0: Swinging Strike 0-1: Ball 1-1: Fly out, F3 (Popup, 9LSF)
|
Batting: RHB Felipe Rivera
|
0-0: Ball 1-0: Fielders Choice at 2nd, 3-6 (Groundball, 3)
|
Batting: LHB Alden Lindsey
|
0-0: Fielders Choice at 2nd, 6-4 (Groundball, 6)
|
Bottom of the 5th over - 0 run(s), 1 hit(s), 0 error(s), 0 left on base; Orlando 4 - Nassau 3 |
TOP OF THE 6TH |
Orlando Calrissian batting - Pitching for Nassau Rockets : RHP Mark MacGruder
|
Batting: LHB Rubén Díaz
|
0-0: Ball 1-0: Swinging Strike 1-1: Ground out 4-3 (Groundball, 4)
|
Batting: RHB Jorge Rodríguez
|
0-0: Ball 1-0: SOLO HOME RUN (Flyball, 7D), Distance : 361 ft
|
Batting: LHB Tom Mullins
|
0-0: SINGLE (Line Drive, 34D)
|
Batting: RHB Eugene Gill
|
0-0: Ball 1-0: Ball 2-0: Foul Ball, location: 2F 2-1: Foul Ball, location: 2F 2-2: Strikes out swinging
|
Batting: LHB Bryan Foster
|
0-0: Called Strike 0-1: Ball 1-1: Swinging Strike 1-2: Ball 2-2: Ground out 4-3 (Groundball, 4S)
|
Top of the 6th over - 1 run(s), 2 hit(s), 0 error(s), 1 left on base; Orlando 5 - Nassau 3 |
BOTTOM OF THE 6TH |
Nassau Rockets batting - Pitching for Orlando Calrissian : LHP Marcos Benítez
|
Batting: SHB Dave MacThomas
|
0-0: Foul Ball, location: 2F 0-1: DOUBLE (Line Drive, 3)
|
Batting: LHB Jarred Jackson
|
0-0: Ball 1-0: Called Strike 1-1: Called Strike 1-2: Ball 2-2: SINGLE (Groundball, 6M) Dave MacThomas to third
|
Batting: RHB Carlos MacKinney
|
0-0: Ball 1-0: Ball 2-0: Fly out, F3 (Popup, 3)
|
Batting: RHB Vern Carlton
|
0-0: Called Strike 0-1: Ball 1-1: Called Strike 1-2: Ball 2-2: Grounds into double play, 6-4-3 (Groundball, 6)
|
Bottom of the 6th over - 0 run(s), 2 hit(s), 0 error(s), 1 left on base; Orlando 5 - Nassau 3 |
TOP OF THE 7TH |
Orlando Calrissian batting - Pitching for Nassau Rockets : RHP Mark MacGruder
|
Pitching: RHP Juan Franco
|
|
Batting: RHB Dave Mullen
|
0-0: Called Strike 0-1: Ground out 5-3 (Groundball, 56)
|
Batting: LHB Santiago Márquez
|
0-0: Ball 1-0: Fly out, F9 (Flyball, 89S)
|
Batting: SHB Mark Simmons
|
0-0: Called Strike 0-1: Ball 1-1: Foul Ball, location: 2F 1-2: Ball 2-2: Strikes out swinging
|
Top of the 7th over - 0 run(s), 0 hit(s), 0 error(s), 0 left on base; Orlando 5 - Nassau 3 |
BOTTOM OF THE 7TH |
Nassau Rockets batting - Pitching for Orlando Calrissian : LHP Marcos Benítez
|
Batting: LHB Rafael Delgado
|
0-0: Called Strike 0-1: Foul Ball, location: 2F 0-2: Foul Ball, location: 2F 0-2: Strikes out looking
|
Batting: RHB José Hernández
|
0-0: Ball 1-0: Foul Ball, location: 2F 1-1: SINGLE (Flyball, 7LM)
|
Batting: RHB Ed Sims
|
0-0: Ball 1-0: Called Strike 1-1: Foul Ball, location: 2F 1-2: Ball 2-2: Strikes out swinging
|
Batting: RHB Felipe Rivera
|
0-0: Ball 1-0: Ball 2-0: SINGLE (Groundball, 6MD) José Hernández to second Runner from 2nd tries for 3rd, SAFE, throw made to third
|
Batting: LHB Alden Lindsey
|
0-0: Fielders Choice at 2nd, U4 (Groundball, 4M)
|
Bottom of the 7th over - 0 run(s), 2 hit(s), 0 error(s), 2 left on base; Orlando 5 - Nassau 3 |
TOP OF THE 8TH |
Orlando Calrissian batting - Pitching for Nassau Rockets : RHP Juan Franco
|
Batting: RHB Jesús Maes
|
0-0: Called Strike 0-1: Ball 1-1: Ball 2-1: Called Strike 2-2: Strikes out swinging
|
Batting: LHB Rubén Díaz
|
0-0: Ball 1-0: Foul Ball, location: 2F 1-1: Fly out, F6 (Popup, 56D)
|
Batting: RHB Jorge Rodríguez
|
0-0: Swinging Strike 0-1: Swinging Strike 0-2: Strikes out looking
|
Top of the 8th over - 0 run(s), 0 hit(s), 0 error(s), 0 left on base; Orlando 5 - Nassau 3 |
BOTTOM OF THE 8TH |
Nassau Rockets batting - Pitching for Orlando Calrissian : LHP Marcos Benítez
|
Pitching: RHP Tony Rocha
|
|
Batting: SHB Dave MacThomas
|
0-0: Foul Ball, location: 2F 0-1: Ball 1-1: Called Strike 1-2: Strikes out swinging
|
Batting: LHB Jarred Jackson
|
0-0: Ball 1-0: Ground out 4-3 (Groundball, 4)
|
Batting: RHB Carlos MacKinney
|
0-0: Ball 1-0: Ball 2-0: Foul Ball, location: 2F 2-1: Foul Ball, location: 2F 2-2: Ball 3-2: Base on Balls
|
Batting: RHB Vern Carlton
|
0-0: Ball 1-0: SINGLE (Line Drive, 6MD) Carlos MacKinney to second
|
Pitching: LHP Mark Murchison
|
|
Pinch Hitting: RHB Sadayoshi Kato
|
0-0: Ball 1-0: Fly out, F7 (Line Drive, 7M)
|
Bottom of the 8th over - 0 run(s), 1 hit(s), 0 error(s), 2 left on base; Orlando 5 - Nassau 3 |
TOP OF THE 9TH |
Orlando Calrissian batting - Pitching for Nassau Rockets : RHP Juan Franco
|
Now in CF: Suezo Sugimoto
|
|
Batting: LHB Tom Mullins
|
0-0: Foul Ball, location: 2F 0-1: Swinging Strike 0-2: Ball 1-2: Ball 2-2: Ball 3-2: Ground out 4-3 (Groundball, 4)
|
Batting: RHB Eugene Gill
|
0-0: Called Strike 0-1: Foul Ball, location: 2F 0-2: Ball 1-2: Strikes out looking
|
Batting: LHB Bryan Foster
|
0-0: Ball 1-0: Foul Ball, location: 2F 1-1: Swinging Strike 1-2: SINGLE (Line Drive, 8RS)
|
Batting: RHB Dave Mullen
|
0-0: Foul Ball, location: 2F 0-1: Ball 1-1: Fly out, F8 (Flyball, 8RD)
|
Top of the 9th over - 0 run(s), 1 hit(s), 0 error(s), 1 left on base; Orlando 5 - Nassau 3 |
BOTTOM OF THE 9TH |
Nassau Rockets batting - Pitching for Orlando Calrissian : LHP Mark Murchison
|
Pitching: RHP Paco Gutiérrez
|
|
Batting: RHB José Hernández
|
0-0: Called Strike 0-1: Ball 1-1: Ball 2-1: Called Strike 2-2: Foul Ball, location: 2F 2-2: Strikes out looking
|
Batting: RHB Ed Sims
|
0-0: Ball 1-0: Foul Ball, location: 2F 1-1: Ball 2-1: Ball 3-1: Foul Ball, location: 2F 3-2: Ground out 6-3 (Groundball, 6M)
|
Batting: RHB Felipe Rivera
|
0-0: Ball 1-0: Ball 2-0: Foul Ball, location: 2F 2-1: SINGLE (Line Drive, 6MD)
|
Pitching: RHP Josh Graham
|
|
Batting: LHB Alden Lindsey
|
0-0: Ball 1-0: Swinging Strike 1-1: Called Strike 1-2: Ball 2-2: Strikes out swinging
|
Bottom of the 9th over - 0 run(s), 1 hit(s), 0 error(s), 1 left on base; Orlando 5 - Nassau 3 |
|